 Dungeon Crawl Stone Soup version 0.25-a0-310-g60f0ac2 (webtiles) character file.

Game seed: 1841919207308217494, levelgen mode: deterministic

9 MrTaco21 the Shield-Bearer (level 2, 0/19 HPs)
             Began as a Gargoyle Fighter on Dec 23, 2019.
             Slain by a frilled lizard (2 damage)
             ... on level 1 of the Dungeon.
             The game lasted 00:00:46 (364 turns).

MrTaco21 the Shield-Bearer (Gargoyle Fighter)        Turns: 364, Time: 00:00:47

Health: 0/19       AC:  9    Str: 19    XL:     2   Next: 12%
Magic:  2/2        EV:  7    Int:  8    God:
Gold:   44         SH:  9    Dex:  9    Spells: 1/1 levels left

rFire    . . .     SeeInvis .   a - +0 flail
rCold    . . .     Gourm    .   c - +0 shield
rNeg     + . .     Faith    .   b - +0 scale mail
rPois    ∞         Spirit   .   (no helmet)
rElec    +         Reflect  .   (no cloak)
rCorr    .         Harm     .   (no gloves)
MR       .....                  (no boots)
Stlth    ..........             g - amulet of inaccuracy (curse)
HPRegen  0.06/turn              (no ring)
MPRegen  0.08/turn              (no ring)

@: no status effects
A: negative energy resistance 1, electricity resistance, unbreathing,
petrification resistance, rot immunity, AC +2
a: no special abilities


You were on level 1 of the Dungeon.
You were not hungry.

You visited 1 branch of the dungeon, and saw 1 of its levels.

You collected 44 gold pieces.

Inventory:

Hand Weapons
 a - a +0 flail (weapon)
Armour
 b - a +0 scale mail (worn)
 c - a +0 shield (worn)
Jewellery
 g - a cursed amulet of inaccuracy (around neck)
   (You found it on level 1 of the Dungeon)
Scrolls
 h - a scroll of fog {unknown}
 i - a scroll of random uselessness {unknown}
Potions
 d - a potion of might
Comestibles
 e - a ration {!d}
 f - 4 chunks of flesh


   Skills:
 - Level 3.2 Fighting
 + Level 2.8 Maces & Flails
 - Level 3.2 Armour
 - Level 3.2 Shields


You had one spell level left.
You didn't know any spells.
Your spell library was empty.

Dungeon Overview and Level Annotations

Branches:
Dungeon (1/15)

Altars:


Innate Abilities, Weirdness & Mutations

You are resistant to torment.
Your stone body is resilient. (AC +2)
You are immune to poison.
You resist negative energy. (rN+)
You are resistant to electric shocks. (rElec)
You can survive without breathing.
You are immune to petrification.
You are immune to rotting.


Message History

The frilled lizard barely misses you.
You block the frilled lizard's attack. x2
Unknown command.
You block the frilled lizard's attack. x2
The frilled lizard bites you but does no damage. x2
The frilled lizard bites you but does no damage.
You block the frilled lizard's attack.
The frilled lizard bites you but does no damage.
The frilled lizard bites you.
* * * LOW HITPOINT WARNING * * *
The frilled lizard bites you but does no damage.
You block the frilled lizard's attack. x2
The frilled lizard bites you but does no damage.
Unknown command.
The frilled lizard bites you but does no damage. x2
You block the frilled lizard's attack. x2
Unknown command.
The frilled lizard bites you but does no damage. x4
Unknown command.
You block the frilled lizard's attack. x2
The frilled lizard bites you but does no damage.
The frilled lizard bites you.
* * * LOW HITPOINT WARNING * * *
You block the frilled lizard's attack.
The frilled lizard bites you but does no damage. x3
Unknown command.
The frilled lizard closely misses you. The frilled lizard bites you.
* * * LOW HITPOINT WARNING * * *
You block the frilled lizard's attack. x2
The frilled lizard bites you but does no damage. x4
Unknown command.
You block the frilled lizard's attack.
The frilled lizard bites you but does no damage.
You block the frilled lizard's attack. x2
Unknown command.
The frilled lizard bites you but does no damage.
You block the frilled lizard's attack.
The frilled lizard bites you but does no damage.
The frilled lizard barely misses you.
Unknown command.
The frilled lizard completely misses you.
The frilled lizard bites you but does no damage.
You block the frilled lizard's attack. The frilled lizard closely misses you.
Unknown command.
The frilled lizard bites you.
* * * LOW HITPOINT WARNING * * *
The frilled lizard bites you but does no damage.
The frilled lizard barely misses you. You block the frilled lizard's attack.
The frilled lizard bites you but does no damage.
You block the frilled lizard's attack. The frilled lizard bites you.
You die...

#.#......#### #.#.####.#
....# #.#.# #.## .≈≈..
#.#.# #..# .≈≈≈≈≈ #.#.#
#..## .≈≈≈≈≈
#.#.####...# #.≈≈≈≈≈
#.#......#.# l.≈≈≈≈≈
#÷#..#####.######l..≈≈≈.
#.#..#####..#...@l#...
............[...ll......
.........##.#....###....
.........##.#....# ###
.........##......# #
.........###.....# .#
.........# #.....###.#
.........# ##.##.....#
.........# #..#.....#


You could see 5 frilled lizards.

Vanquished Creatures
  A dart slug (D:1)
  A leopard gecko (D:1)
  A giant cockroach (D:1)
  A bat (D:1)
  A frilled lizard (D:1)
  2 rats (D:1)
7 creatures vanquished.

Notes
Turn   | Place    | Note
-------+----------+-------------------------------------------
     0 | D:1      | MrTaco21 the Gargoyle Fighter began the quest for the Orb.
     0 | D:1      | Reached XP level 1. HP: 14/14 MP: 1/1
   260 | D:1      | Reached XP level 2. HP: 17/19 MP: 2/2
   364 | D:1      | Slain by a frilled lizard

Levels and vault maps discovered:
D:1:      dpeg_arrival_court, layout_basic, minmay_lizard_pond

Action                   || total
-------------------------++-------
Melee: Flail             ||    66
Armor: Scale mail        ||    90
Dodge: Dodged            ||    52
Block: Shield            ||    85

Table legend:
 A = Non-vault XP
 B = Vault XP
 C = Vault XP percentage of total XP
 D = Non-vault monster count
 E = Vault monster count
 F = Vault count percentage of total count
                 A         B        C        D         E       F
            +---------+---------+-------+---------+---------+-------
      Total |      12 |       1 |   7.7 |       6 |       1 |  14.3
            +---------+---------+-------+---------+---------+-------
        D:1 |      12 |       1 |   7.7 |       6 |       1 |  14.3
            +---------+---------+-------+---------+---------+-------
